TOP OF THE 1ST |
Wisconsin Timber Rattlers batting - Pitching for Fort Wayne TinCaps : LHP Jon Zaragoza
|
Pitching: LHP Jon Zaragoza
|
|
Batting: RHB Chris Maul
|
0-0: Ball 1-0: Ground out 4-3 (Groundball, 4, EV 92.5 MPH)
|
Batting: RHB Tristan Smeets
|
0-0: Ball 1-0: Ground out 5-3 (Groundball, 56S, EV 61.9 MPH)
|
Batting: RHB Xiao-shuang Au
|
0-0: Ball 1-0: Called Strike 1-1: Swinging Strike 1-2: Strikes out looking
|
Top of the 1st over - 0 runs, 0 hits, 0 errors, 0 left on base; Wisconsin 0 - Fort Wayne 0 |
BOTTOM OF THE 1ST |
Fort Wayne TinCaps batting - Pitching for Wisconsin Timber Rattlers : RHP Julian Urbina
|
Pitching: RHP Julian Urbina
|
|
Batting: RHB Devon Dill
|
0-0: Ball 1-0: Foul Ball, location: 2F 1-1: Ball 2-1: Called Strike 2-2: Ball 3-2: Base on Balls
|
Batting: LHB Dean Luttman
|
0-0: Called Strike 0-1: Foul Ball, location: 2F 0-2: Ball 1-2: Fielders Choice at 2nd, 4-6 (Groundball, 34, EV 82.5 MPH)
|
Batting: RHB John Freeman
|
0-0: Ball 1-0: Ball 2-0: Foul Ball, location: 2F 2-1: Ball 3-1: SINGLE (Groundball, 4M, EV 83.1 MPH) (infield hit) Dean Luttman to second
|
Batting: RHB Gary Horgan
|
0-0: Called Strike 0-1: Foul Ball, location: 2F 0-2: Strikes out looking
|
Batting: RHB Dave Cordero
|
0-0: Foul Ball, location: 2F 0-1: SINGLE (Line Drive, 9S, EV 105.0 MPH) Dean Luttman to third John Freeman to second Runner from 3rd tries for Home, SAFE, throw by RF to home
|
Batting: RHB Steve Clark
|
0-0: Foul Ball, location: 2F 0-1: Fly out, F8 (Flyball, 8RM, EV 79.4 MPH)
|
Bottom of the 1st over - 1 run, 2 hits, 0 errors, 2 left on base; Wisconsin 0 - Fort Wayne 1 |
TOP OF THE 2ND |
Wisconsin Timber Rattlers batting - Pitching for Fort Wayne TinCaps : LHP Jon Zaragoza
|
Batting: LHB Fumito Sakurai
|
0-0: Foul Ball, location: 2F 0-1: Ground out 4-3 (Groundball, 4, EV 110.0 MPH)
|
Batting: RHB Alfredo Sena
|
0-0: Ball 1-0: Swinging Strike 1-1: Ball 2-1: SINGLE (Groundball, 6MD, EV 95.0 MPH)
|
Batting: RHB Ryan Miller
|
0-0: Ball 1-0: Ball 2-0: Called Strike 2-1: SINGLE (Groundball, 34D, EV 103.1 MPH) Alfredo Sena to second Runner from 2nd tries for 3rd, SAFE, throw by RF made to third
|
Batting: SHB Nick Chandler
|
0-0: 3-RUN HOME RUN (Flyball, 7D, EV 95.6 MPH), Distance : 379 ft
|
Batting: RHB Victor Alarcon
|
0-0: Ball 1-0: Foul Ball, location: 2F 1-1: Fly out, F9 (Flyball, 9LS, EV 88.1 MPH)
|
Batting: RHB Michael Dickerson
|
0-0: Fly out, F8 (Flyball, 8RD, EV 102.5 MPH)
|
Top of the 2nd over - 3 runs, 3 hits, 0 errors, 0 left on base; Wisconsin 3 - Fort Wayne 1 |
BOTTOM OF THE 2ND |
Fort Wayne TinCaps batting - Pitching for Wisconsin Timber Rattlers : RHP Julian Urbina
|
Batting: RHB Cesar Ortega
|
0-0: Called Strike 0-1: Ball 1-1: Called Strike 1-2: Ball 2-2: Foul Ball, location: 2F 2-2: DOUBLE (Line Drive, 7LS, EV 97.5 MPH)
|
Batting: RHB Sung-hwan Jung
|
0-0: Ball 1-0: Ball 2-0: Reached on error, E6 (Groundball, 6, EV 100.0 MPH) Cesar Ortega to third
|
Batting: LHB Tony Contreras
|
0-0: Ball 1-0: SINGLE (Groundball, 4M, EV 80.0 MPH) (infield hit) Cesar Ortega scores Sung-hwan Jung to second
|
Batting: RHB Devon Dill
|
0-0: Fielders Choice at 2nd, 4-6 (Groundball, 4M, EV 105.0 MPH) Sung-hwan Jung to third
|
Batting: LHB Dean Luttman
|
0-0: Ball 1-0: Fielders Choice at 2nd, 4-6 (Groundball, 4, EV 81.9 MPH) Sung-hwan Jung scores
|
Batting: RHB John Freeman
|
0-0: Ball 1-0: Fly out, F8 (Line Drive, 8LM, EV 93.8 MPH)
|
Bottom of the 2nd over - 2 runs, 2 hits, 1 error, 1 left on base; Wisconsin 3 - Fort Wayne 3 |
TOP OF THE 3RD |
Wisconsin Timber Rattlers batting - Pitching for Fort Wayne TinCaps : LHP Jon Zaragoza
|
Batting: RHB Chris Maul
|
0-0: Ground out 6-3 (Groundball, 6, EV 102.5 MPH)
|
Batting: RHB Tristan Smeets
|
0-0: Ball 1-0: Ball 2-0: Called Strike 2-1: Swinging Strike 2-2: Fly out, F7 (Flyball, 7LS, EV 88.1 MPH)
|
Batting: RHB Xiao-shuang Au
|
0-0: Ball 1-0: Foul Ball, location: 2F 1-1: Ball 2-1: Foul Ball, location: 2F 2-2: Foul Ball, location: 2F 2-2: Foul Ball, location: 2F 2-2: Ground out 6-3 (Groundball, 6, EV 105.0 MPH)
|
Top of the 3rd over - 0 runs, 0 hits, 0 errors, 0 left on base; Wisconsin 3 - Fort Wayne 3 |
BOTTOM OF THE 3RD |
Fort Wayne TinCaps batting - Pitching for Wisconsin Timber Rattlers : RHP Julian Urbina
|
Batting: RHB Gary Horgan
|
0-0: Ball 1-0: Ball 2-0: Ball 3-0: Called Strike 3-1: Ground out 6-3 (Groundball, 6D, EV 103.8 MPH)
|
Batting: RHB Dave Cordero
|
0-0: Ball 1-0: Swinging Strike 1-1: Called Strike 1-2: Ground out 5-3 (Groundball, 56S, EV 90.0 MPH)
|
Batting: RHB Steve Clark
|
0-0: Ball 1-0: Called Strike 1-1: Ball 2-1: Foul Ball, location: 2F 2-2: Ball 3-2: Base on Balls
|
Batting: RHB Cesar Ortega
|
0-0: Called Strike 0-1: Ball 1-1: Called Strike 1-2: Foul Ball, location: 2F 1-2: Ball 2-2: Fly out, F6 (Popup, 6M, EV 55.6 MPH)
|
Bottom of the 3rd over - 0 runs, 0 hits, 0 errors, 1 left on base; Wisconsin 3 - Fort Wayne 3 |
TOP OF THE 4TH |
Wisconsin Timber Rattlers batting - Pitching for Fort Wayne TinCaps : LHP Jon Zaragoza
|
Batting: LHB Fumito Sakurai
|
0-0: Ball 1-0: Ball 2-0: Ball 3-0: Foul Ball, location: 2F 3-1: Ground out 6-3 (Groundball, 6, EV 100.0 MPH)
|
Batting: RHB Alfredo Sena
|
0-0: Ball 1-0: Swinging Strike 1-1: Swinging Strike 1-2: Ball 2-2: Strikes out swinging
|
Batting: RHB Ryan Miller
|
0-0: Fly out, F6 (Popup, 6, EV 61.9 MPH)
|
Top of the 4th over - 0 runs, 0 hits, 0 errors, 0 left on base; Wisconsin 3 - Fort Wayne 3 |
BOTTOM OF THE 4TH |
Fort Wayne TinCaps batting - Pitching for Wisconsin Timber Rattlers : RHP Julian Urbina
|
Batting: RHB Sung-hwan Jung
|
0-0: Called Strike 0-1: Foul Ball, location: 2F 0-2: Ball 1-2: Strikes out swinging
|
Batting: LHB Tony Contreras
|
0-0: Called Strike 0-1: Ball 1-1: Ground out 4-3 (Groundball, 4, EV 76.9 MPH)
|
Batting: RHB Devon Dill
|
0-0: Ball 1-0: Called Strike 1-1: Called Strike 1-2: Ball 2-2: Ball 3-2: Ground out 6-3 (Groundball, 6, EV 81.2 MPH)
|
Bottom of the 4th over - 0 runs, 0 hits, 0 errors, 0 left on base; Wisconsin 3 - Fort Wayne 3 |
TOP OF THE 5TH |
Wisconsin Timber Rattlers batting - Pitching for Fort Wayne TinCaps : LHP Jon Zaragoza
|
Batting: SHB Nick Chandler
|
0-0: Called Strike 0-1: Foul Ball, location: 2F 0-2: Foul Ball, location: 2F 0-2: Strikes out looking
|
Batting: RHB Victor Alarcon
|
0-0: Ball 1-0: Swinging Strike 1-1: Ball 2-1: Foul Ball, location: 2F 2-2: Foul Ball, location: 2F 2-2: Ball 3-2: Foul Ball, location: 2F 3-2: Base on Balls
|
Batting: RHB Michael Dickerson
|
0-0: Called Strike 0-1: Foul Ball, location: 2F 0-2: Ball 1-2: Foul Ball, location: 2F 1-2: Strikes out looking
|
Batting: RHB Chris Maul
|
0-0: Ball Victor Alarcon is caught stealing 2nd base 2-4
|
Top of the 5th over - 0 runs, 0 hits, 0 errors, 0 left on base; Wisconsin 3 - Fort Wayne 3 |
BOTTOM OF THE 5TH |
Fort Wayne TinCaps batting - Pitching for Wisconsin Timber Rattlers : RHP Julian Urbina
|
Batting: LHB Dean Luttman
|
0-0: Swinging Strike 0-1: Ball 1-1: Ground out 4-3 (Groundball, 4, EV 86.2 MPH)
|
Batting: RHB John Freeman
|
0-0: Foul Ball, location: 2F 0-1: Ball 1-1: Ball 2-1: Called Strike 2-2: SINGLE (Line Drive, 7S, EV 96.2 MPH)
|
Batting: RHB Gary Horgan
|
0-0: Ball 1-0: Swinging Strike 1-1: Called Strike 1-2: Foul Ball, location: 2F 1-2: Ball 2-2: Foul Ball, location: 2F 2-2: Fielders Choice at 2nd, 3-6 (Groundball, 3, EV 97.5 MPH)
|
Batting: RHB Dave Cordero
|
0-0: Ball 1-0: Called Strike Gary Horgan steals 2nd base (no throw) 1-1: Swinging Strike 1-2: Strikes out swinging
|
Bottom of the 5th over - 0 runs, 1 hit, 0 errors, 1 left on base; Wisconsin 3 - Fort Wayne 3 |
TOP OF THE 6TH |
Wisconsin Timber Rattlers batting - Pitching for Fort Wayne TinCaps : LHP Jon Zaragoza
|
Batting: RHB Chris Maul
|
0-0: Called Strike 0-1: Foul Ball, location: 2F 0-2: Ground out 6-3 (Groundball, 6, EV 90.6 MPH)
|
Batting: RHB Tristan Smeets
|
0-0: Swinging Strike 0-1: Called Strike 0-2: Ball 1-2: Ball 2-2: Foul Ball, location: 2F 2-2: SINGLE (Groundball, P, EV 88.8 MPH) (infield hit)
|
Batting: RHB Xiao-shuang Au
|
0-0: Ball 1-0: Fielders Choice at 2nd, 6-4 (Groundball, 6, EV 89.4 MPH)
|
Batting: LHB Fumito Sakurai
|
0-0: SINGLE (Groundball, 34S, EV 65.6 MPH) (infield hit) Xiao-shuang Au to second
|
Batting: RHB Alfredo Sena
|
0-0: Ball 1-0: Ball 2-0: Swinging Strike 2-1: Ball 3-1: Foul Ball, location: 2F 3-2: 3-RUN HOME RUN (Flyball, 7D, EV 104.4 MPH), Distance : 376 ft
|
Pitching: RHP Wayne Kerrick
|
|
Batting: RHB Ryan Miller
|
0-0: Called Strike 0-1: Ball 1-1: Foul Ball, location: 2F 1-2: Fly out, F9 (Flyball, 9D, EV 93.8 MPH)
|
Top of the 6th over - 3 runs, 3 hits, 0 errors, 0 left on base; Wisconsin 6 - Fort Wayne 3 |
BOTTOM OF THE 6TH |
Fort Wayne TinCaps batting - Pitching for Wisconsin Timber Rattlers : RHP Julian Urbina
|
Pitching: LHP Paul Schumacher
|
|
Batting: RHB Steve Clark
|
0-0: Ball 1-0: Ball 2-0: Foul Ball, location: 2F 2-1: Fly out, F9 (Line Drive, 9LM, EV 108.8 MPH)
|
Batting: RHB Cesar Ortega
|
0-0: Ground out 1-3 (Groundball, 13S, EV 68.1 MPH)
|
Batting: RHB Sung-hwan Jung
|
0-0: Ball 1-0: Foul Ball, location: 2F 1-1: Ball 2-1: Called Strike 2-2: Strikes out swinging
|
Bottom of the 6th over - 0 runs, 0 hits, 0 errors, 0 left on base; Wisconsin 6 - Fort Wayne 3 |
TOP OF THE 7TH |
Wisconsin Timber Rattlers batting - Pitching for Fort Wayne TinCaps : RHP Wayne Kerrick
|
Batting: SHB Nick Chandler
|
0-0: Foul Ball, location: 2F 0-1: Foul Ball, location: 2F 0-2: Ball 1-2: Strikes out swinging
|
Batting: RHB Victor Alarcon
|
0-0: Ball 1-0: Ball 2-0: Ball 3-0: Foul Ball, location: 2F 3-1: Called Strike 3-2: Foul Ball, location: 2F 3-2: SINGLE (Groundball, 56S, EV 75.0 MPH) (infield hit)
|
Batting: RHB Michael Dickerson
|
0-0: Foul Ball, location: 2F 0-1: Ball 1-1: Grounds into double play, 5-4-3 (Groundball, 56D, EV 88.8 MPH)
|
Top of the 7th over - 0 runs, 1 hit, 0 errors, 0 left on base; Wisconsin 6 - Fort Wayne 3 |
BOTTOM OF THE 7TH |
Fort Wayne TinCaps batting - Pitching for Wisconsin Timber Rattlers : LHP Paul Schumacher
|
Batting: LHB Tony Contreras
|
0-0: Ball 1-0: Ball 2-0: Ground out U3 (Groundball, 3, EV 108.1 MPH)
|
Batting: RHB Devon Dill
|
0-0: Ground out 5-3 (Groundball, 56S, EV 74.4 MPH)
|
Pinch Hitting: RHB Danny Krug
|
0-0: Called Strike 0-1: Ball 1-1: Ball 2-1: Ball 3-1: Swinging Strike 3-2: DOUBLE (Line Drive, 89D, EV 110.0 MPH) - OUT at third base trying to stretch hit.
|
Bottom of the 7th over - 0 runs, 1 hit, 0 errors, 0 left on base; Wisconsin 6 - Fort Wayne 3 |
TOP OF THE 8TH |
Wisconsin Timber Rattlers batting - Pitching for Fort Wayne TinCaps : RHP Wayne Kerrick
|
Pitching: LHP Jose Torres
|
|
Now at 1B: Danny Krug
|
|
Batting: RHB Chris Maul
|
0-0: Ball 1-0: Fly out, F8 (Flyball, 8LD, EV 107.5 MPH)
|
Batting: RHB Tristan Smeets
|
0-0: DOUBLE (Groundball, 5L, EV 106.9 MPH)
|
Batting: RHB Xiao-shuang Au
|
0-0: Called Strike 0-1: Called Strike 0-2: DOUBLE (Flyball, 8LXD, EV 98.1 MPH) Tristan Smeets scores
|
Batting: LHB Fumito Sakurai
|
0-0: Foul Ball, location: 2F 0-1: Fly out, F9 (Flyball, 89M, EV 96.9 MPH)
|
Batting: RHB Alfredo Sena
|
0-0: 2-RUN HOME RUN (Flyball, 78XD, EV 104.4 MPH), Distance : 400 ft
|
Pitching: RHP Jason Inman
|
|
Batting: RHB Ryan Miller
|
0-0: Called Strike 0-1: Ball 1-1: Foul Ball, location: 2F 1-2: Strikes out swinging, 2-3 out at first.
|
Top of the 8th over - 3 runs, 3 hits, 0 errors, 0 left on base; Wisconsin 9 - Fort Wayne 3 |
BOTTOM OF THE 8TH |
Fort Wayne TinCaps batting - Pitching for Wisconsin Timber Rattlers : LHP Paul Schumacher
|
Batting: RHB John Freeman
|
0-0: Called Strike 0-1: Foul Ball, location: 2F 0-2: Strikes out looking
|
Batting: RHB Gary Horgan
|
0-0: Fly out, F9 (Flyball, 9, EV 81.9 MPH)
|
Batting: RHB Dave Cordero
|
0-0: Ball 1-0: Ground out 5-3 (Groundball, 5, EV 105.0 MPH)
|
Bottom of the 8th over - 0 runs, 0 hits, 0 errors, 0 left on base; Wisconsin 9 - Fort Wayne 3 |
TOP OF THE 9TH |
Wisconsin Timber Rattlers batting - Pitching for Fort Wayne TinCaps : RHP Jason Inman
|
Batting: SHB Nick Chandler
|
0-0: Ball 1-0: Called Strike 1-1: Foul Ball, location: 2F 1-2: Strikes out swinging
|
Batting: RHB Victor Alarcon
|
0-0: Ball 1-0: Called Strike 1-1: Called Strike 1-2: Strikes out swinging
|
Batting: RHB Michael Dickerson
|
0-0: Ball 1-0: Ball 2-0: Fly out, F7 (Flyball, 78S, EV 75.0 MPH)
|
Top of the 9th over - 0 runs, 0 hits, 0 errors, 0 left on base; Wisconsin 9 - Fort Wayne 3 |
BOTTOM OF THE 9TH |
Fort Wayne TinCaps batting - Pitching for Wisconsin Timber Rattlers : LHP Paul Schumacher
|
Batting: RHB Steve Clark
|
0-0: Called Strike 0-1: Ball 1-1: Ball 2-1: Foul Ball, location: 2F 2-2: Strikes out swinging
|
Batting: RHB Cesar Ortega
|
0-0: Called Strike 0-1: Called Strike 0-2: Ball 1-2: Foul Ball, location: 2F 1-2: Strikes out looking
|
Batting: RHB Sung-hwan Jung
|
0-0: Foul Ball, location: 2F 0-1: Foul Ball, location: 2F 0-2: Ball 1-2: Ground out 5-3 (Groundball, 5S, EV 93.8 MPH)
|
Bottom of the 9th over - 0 runs, 0 hits, 0 errors, 0 left on base; Wisconsin 9 - Fort Wayne 3 |
|